 Dungeon Crawl Stone Soup version 0.29.0-4-gdea44cf6ec (webtiles) character file.

Game seed: 9021846371916115901

34 qw the Chopper (level 3, -2/29 HPs)
             Began as a Barachi Chaos Knight on Sept 4, 2022.
             Slain by a chaos spawn (9 damage)
             ... summoned by Xom
             ... on level 1 of the Dungeon.
             The game lasted 00:00:23 (658 turns).

qw the Chopper (Barachi Chaos Knight)                Turns: 658, Time: 00:00:24

Health: -2/29      AC:  5    Str: 15      XL:     3   Next: 31%
Magic:  3/3        EV: 11    Int: 12      God:
Gold:   0          SH:  0    Dex: 12 (13) Spells: 2/2 levels left

rFire   . . .      SeeInvis .   a - +0 hand axe (chaos)
rCold   . . .      Faith    .   (no shield)
rNeg    . . .      Spirit   .   b - +2 leather armour
rPois   .          Reflect  .   (no helmet)
rElec   .          Harm     .   (no cloak)
rCorr   .          Rampage  .   (no gloves)
Will    .....                   (no boots)
Stlth   ++........              (no amulet)
HPRegen 0.09/turn               (no ring)
MPRegen 0.08/turn               (no ring)

@: slow
A: amphibious, slowness 1, strong legs 1, +LOS, talons 2, thin skeletal
structure 1
a: Hop


You were on level 1 of the Dungeon.
You visited 1 branch of the dungeon, and saw 1 of its levels.


Innate Abilities, Weirdness & Mutations

You are amphibious.
You cover ground slowly.
You can hop short distances.
You have an extended range of vision and can be seen from far away.
You have razor-sharp toenails.
You have a somewhat thin skeletal structure. (Dex +2, Stealth+)


   Skills:
 - Level 3.6 Fighting
 + Level 4.7 Axes
 - Level 2.4 Armour
 - Level 1.1 Dodging


You had 2 spell levels left.
You didn't know any spells.
Your spell library was empty.

Inventory:

Hand Weapons
 a - a +0 hand axe of chaos (weapon)
 d - a +0 club
Armour
 b - a +2 leather armour (worn)
 g - a +0 ring mail
Scrolls
 f - a scroll of poison {unknown}
Potions
 e - a potion of degeneration {unknown}
Miscellaneous
 c - a piece from Xom's chessboard (15/15)

Dungeon Overview and Level Annotations

Branches:
Dungeon (1/15)

Altars:


Message History

You barely miss the chaos spawn. You hit the iron imp but do no damage.
You barely miss the shadow imp.
You hit the crimson imp but do no damage.
The crimson imp seems to grow stronger.
You hit the chaos spawn.
The chaos spawn resists with almost no effort.
You claw the chaos spawn, but do no damage.
The chaos spawn is lightly wounded.
You hit the crimson imp but do no damage.
You hit the iron imp.
The iron imp convulses.
You closely miss the shadow imp. The crimson imp barely misses you.
The chaos spawn gores you!
The chaos spawn draws strength from your injuries!
You closely miss the iron imp.
You claw the iron imp, but do no damage.
The iron imp is heavily wounded.
You hit the quasit.
The quasit flickers and vanishes!
Deactivating autopickup; reactivate with Ctrl-A.
You closely miss the crimson imp.
You hit the chaos spawn but do no damage.
The iron imp hits you but does no damage.
The crimson imp hits you. The chaos spawn closely misses you.
You closely miss the iron imp. You claw the iron imp.
The iron imp is heavily wounded.
You miss the crimson imp.
You hit the chaos spawn but do no damage.
The chaos spawn seems to speed up.
You barely miss something. Something bites you.
You feel clumsy. Something completely misses you.
Something claws you but does no damage. The chaos spawn barely misses you.
The iron imp barely misses you. Something bites you.
Something claws you but does no damage. x2
The crimson imp hits you.
You hit the iron imp but do no damage.
You claw the iron imp, but do no damage.
The iron imp is heavily wounded.
You completely miss something. You barely miss the crimson imp.
You hit the chaos spawn. The chaos spawn hits you!
You die... "I guess I need a new plaything now."

##.## #######...#
.....>....
.##...#...#####
...........5{#######.#
#.........55@55.....#
.###.......##4#########
..........# #5# #.#.#
#.# #.#.####.#
#........# ###.######
########..##
#..........##


You could see a chaos spawn (summoned, fast), 2 iron imps, a quasit (summoned),
a crimson imp (summoned, strong), a shadow imp (summoned) and an ufetubus
(summoned).

Vanquished Creatures
  A gnoll (D:1)
  A ball python (D:1)
  A bat (D:1)
  2 endoplasms (D:1)
  2 giant cockroaches (D:1)
  2 hobgoblins (D:1)
  7 jackals (D:1)
  A kobold (D:1)
  A frilled lizard (D:1)
  A goblin (D:1)
  A rat (D:1)
20 creatures vanquished.

Notes
Turn   | Place    | Note
-------+----------+-------------------------------------------
     0 | D:1      | qw the Barachi Chaos Knight began the quest for the Orb.
     0 | D:1      | Reached XP level 1. HP: 18/18 MP: 1/1
     0 | D:1      | 0 ||| qw: Version: 0.1-a-103-gd6f5d3a
     0 | D:1      | 0 ||| qw: Game counter: 5408
     0 | D:1      | 0 ||| qw: Always use a shield: true
     0 | D:1      | 0 ||| qw: God list: Okawaru
     0 | D:1      | 0 ||| qw: Allow faded altars: false
     0 | D:1      | 0 ||| qw: Do Orc after D:15 true
     0 | D:1      | 0 ||| qw: Do second Lair branch before Depths: true
     0 | D:1      | 0 ||| qw: Lair rune preference: random
     0 | D:1      | 0 ||| qw: Plans: Normal
     0 | D:1      | 0 ||| PLANNING D:1-11
     0 | D:1      | Fell from the grace of Xom
   234 | D:1      | XOM: polymorph bat -> gnoll
   239 | D:1      | Reached skill level 4 in Axes
   239 | D:1      | Reached XP level 2. HP: 19/24 MP: 2/2
   356 | D:1      | 356 ||| Stepping ~*~*~tactically~*~*~ (stealth).
   363 | D:1      | 363 ||| Stepping ~*~*~tactically~*~*~ (stealth).
   462 | D:1      | Reached XP level 3. HP: 22/29 MP: 3/3
   481 | D:1      | 481 ||| Stepping ~*~*~tactically~*~*~ (stealth).
   504 | D:1      | 504 ||| Stepping ~*~*~tactically~*~*~ (stealth).
   521 | D:1      | 521 ||| Stepping ~*~*~tactically~*~*~ (stealth).
   556 | D:1      | 556 ||| Stepping ~*~*~tactically~*~*~ (stealth).
   569 | D:1      | XOM: give mutations
   569 | D:1      | Gained mutation: You have sharp toenails. [Xom's grace]
   569 | D:1      | Gained mutation: You have razor-sharp toenails. [Xom's
                  | grace]
   569 | D:1      | Gained mutation: You have a somewhat thin skeletal
                  | structure. (Dex +2, Stealth+) [Xom's grace]
   574 | D:1      | 574 ||| Stepping ~*~*~tactically~*~*~ (stealth).
   576 | D:1      | 576 ||| Stepping ~*~*~tactically~*~*~ (stealth).
   578 | D:1      | 578 ||| Stepping ~*~*~tactically~*~*~ (stealth).
   653 | D:1      | XOM: summons 8 hostile demons
   654 | D:1      | Noticed a chaos spawn
   657 | D:1      | HP: 7/29 [crimson imp[Xom] (2)]
   658 | D:1      | Slain by a chaos spawn

Levels and vault maps discovered:
D:1:      roderic_chinese_lattice_arrival, layout_loops_corners,
          lexackson_kobold_supper

Skill      XL: |  1 |
---------------+----+-----
Axes           | 4 |  4.7
Fighting       | |  3.6
Armour         | |  2.4
Dodging        | |  1.1

Action                   || total
-------------------------++-------
Melee: Hand axe          ||    74
       Kick              ||     5
Invok: Renounce Religion ||     1
Armor: Leather armour    ||    26
Dodge: Dodged            ||    50

Table legend:
 A = Non-vault XP
 B = Vault XP
 C = Vault XP percentage of total XP
 D = Non-vault monster count
 E = Vault monster count
 F = Vault count percentage of total count
                 A         B        C        D         E       F
            +---------+---------+-------+---------+---------+-------
      Total |      49 |       0 |   0.0 |      20 |       0 |   0.0
            +---------+---------+-------+---------+---------+-------
        D:1 |      49 |       0 |   0.0 |      20 |       0 |   0.0
            +---------+---------+-------+---------+---------+-------
